TOP OF THE 1ST |
Indianapolis Indians batting - Pitching for El Paso Chihuahuas : RHP Pat Matera
|
Pitching: RHP Pat Matera
|
|
Batting: RHB Hugo Zacarias
|
0-0: Called Strike 0-1: Ball 1-1: SINGLE (Line Drive, 6MD, EV 98.1 MPH)
|
Batting: LHB Jorge Quintana
|
0-0: Ball 1-0: Called Strike 1-1: Fly out, F8 (Flyball, 8LM, EV 90.6 MPH)
|
Batting: LHB Alberto Figueroa
|
0-0: Ball 1-0: Foul Ball, location: 2F 1-1: Fly out, F4 (Line Drive, 4, EV 63.8 MPH)
|
Batting: RHB Alain Marquet
|
0-0: Called Strike Hugo Zacarias steals 2nd base 0-1: Ball 1-1: Ground out 6-3 (Groundball, 6, EV 80.6 MPH)
|
Top of the 1st over - 0 runs, 1 hit, 0 errors, 1 left on base; Indianapolis 0 - El Paso 0 |
BOTTOM OF THE 1ST |
El Paso Chihuahuas batting - Pitching for Indianapolis Indians : RHP Antonio Alvarez
|
Pitching: RHP Antonio Alvarez
|
|
Batting: RHB Robby Godwin
|
0-0: Foul Ball, location: 2F 0-1: Ball 1-1: TRIPLE (Flyball, 9LD, EV 110.0 MPH)
|
Batting: RHB Jeff Brower
|
0-0: Ball 1-0: Called Strike 1-1: Called Strike 1-2: Fly out, F8 (Flyball, 89D, EV 84.4 MPH) Runner from 3rd tags up, SCORES, throw by CF
|
Batting: RHB Mike Hayward
|
0-0: Ball 1-0: Ball 2-0: Swinging Strike 2-1: Ball 3-1: Foul Ball, location: 2F 3-2: Foul Ball, location: 2F 3-2: SOLO HOME RUN (Flyball, 7D, EV 98.1 MPH), Distance : 381 ft
|
Batting: RHB Andy Sheridan
|
0-0: Ball 1-0: Ball 2-0: Ball 3-0: Base on Balls
|
Batting: LHB Angel Mejia
|
0-0: Called Strike 0-1: Ball 1-1: Foul Ball, location: 2F 1-2: Foul Ball, location: 2F 1-2: Ball 2-2: Ball 3-2: Foul Ball, location: 2F 3-2: Foul Ball, location: 2F 3-2: Foul Ball, location: 2F 3-2: Base on Balls Andy Sheridan to second
|
Batting: SHB Adam Martin
|
0-0: Called Strike 0-1: Fielders Choice at 2nd, 3-6 (Groundball, 3, EV 85.6 MPH) Andy Sheridan to third
|
Batting: LHB Hugo MacBeth
|
0-0: Reached on error, E5 (Groundball, 56, EV 87.5 MPH) Andy Sheridan scores Adam Martin to second
|
Batting: RHB Dave Cluster
|
0-0: Called Strike 0-1: Called Strike 0-2: Ball Wild Pitch! Adam Martin to third Hugo MacBeth to second 1-2: Ball 2-2: Ball 3-2: DOUBLE (Groundball, 5L, EV 105.6 MPH) Adam Martin scores Hugo MacBeth scores
|
Batting: SHB Harrison McLaughlin
|
0-0: Called Strike 0-1: Foul Ball, location: 2F 0-2: Ground out 5-3 (Groundball, 56, EV 81.2 MPH)
|
Bottom of the 1st over - 5 runs, 3 hits, 1 error, 1 left on base; Indianapolis 0 - El Paso 5 |
TOP OF THE 2ND |
Indianapolis Indians batting - Pitching for El Paso Chihuahuas : RHP Pat Matera
|
Batting: LHB Phil DeCamp
|
0-0: Ball 1-0: Ball 2-0: Called Strike 2-1: SINGLE (Flyball, 78M, EV 100.0 MPH)
|
Batting: RHB Chris Pozzi
|
0-0: Called Strike 0-1: Foul Ball, location: 2F 0-2: Ball 1-2: Ball 2-2: Fly out, F8 (Flyball, 8RM, EV 80.6 MPH)
|
Batting: RHB Richard Barrios
|
0-0: Ball 1-0: Fielders Choice at 2nd, 6-4 (Groundball, 6, EV 107.5 MPH)
|
Batting: LHB Donald Imre
|
0-0: Ball 1-0: Called Strike Richard Barrios steals 2nd base 1-1: Ball 2-1: Swinging Strike 2-2: SINGLE (Groundball, 34D, EV 101.9 MPH) Richard Barrios to third Runner from 3rd tries for Home, SAFE, throw by RF to home Donald Imre to second
|
Batting: RHB Nick Wicker
|
0-0: Called Strike 0-1: Fly out, F7 (Flyball, 78M, EV 83.8 MPH)
|
Top of the 2nd over - 1 run, 2 hits, 0 errors, 1 left on base; Indianapolis 1 - El Paso 5 |
BOTTOM OF THE 2ND |
El Paso Chihuahuas batting - Pitching for Indianapolis Indians : RHP Antonio Alvarez
|
Batting: RHB Robby Godwin
|
0-0: Foul Ball, location: 2F 0-1: Ball 1-1: Ground out 1-3 (Groundball, 15S, EV 70.6 MPH)
|
Batting: RHB Jeff Brower
|
0-0: Ball 1-0: Foul Ball, location: 2F 1-1: Called Strike 1-2: Ball 2-2: Strikes out swinging
|
Batting: RHB Mike Hayward
|
0-0: Called Strike 0-1: Swinging Strike 0-2: Strikes out swinging
|
Bottom of the 2nd over - 0 runs, 0 hits, 0 errors, 0 left on base; Indianapolis 1 - El Paso 5 |
TOP OF THE 3RD |
Indianapolis Indians batting - Pitching for El Paso Chihuahuas : RHP Pat Matera
|
Batting: RHB Hugo Zacarias
|
0-0: Ball 1-0: SINGLE (Groundball, 3S, EV 70.0 MPH) (infield hit)
|
Batting: LHB Jorge Quintana
|
0-0: Called Strike 0-1: Fly out, F8 (Line Drive, 8LD, EV 91.9 MPH)
|
Batting: LHB Alberto Figueroa
|
0-0: Foul Ball, location: 2F 0-1: Swinging Strike 0-2: DOUBLE (Line Drive, 8RXD, EV 106.9 MPH) Hugo Zacarias to third Runner from 3rd tries for Home, SAFE, throw by CF to home
|
Batting: RHB Alain Marquet
|
0-0: Ball 1-0: Ball 2-0: Swinging Strike 2-1: Fly out, F9 (Flyball, 89M, EV 83.8 MPH)
|
Batting: LHB Phil DeCamp
|
0-0: Ball 1-0: Swinging Strike 1-1: SINGLE (Groundball, 34S, EV 70.0 MPH) (infield hit) Alberto Figueroa to third
|
Batting: RHB Chris Pozzi
|
0-0: Called Strike 0-1: Swinging Strike 0-2: Ball 1-2: Ground out 5-3 (Groundball, 56, EV 100.0 MPH)
|
Top of the 3rd over - 1 run, 3 hits, 0 errors, 2 left on base; Indianapolis 2 - El Paso 5 |
BOTTOM OF THE 3RD |
El Paso Chihuahuas batting - Pitching for Indianapolis Indians : RHP Antonio Alvarez
|
Batting: RHB Andy Sheridan
|
0-0: Ball 1-0: Called Strike 1-1: Ball 2-1: Called Strike 2-2: Foul Ball, location: 2F 2-2: Ball 3-2: Base on Balls
|
Batting: LHB Angel Mejia
|
0-0: Called Strike 0-1: Called Strike 0-2: Ball 1-2: Fly out, F7 (Flyball, 78S, EV 95.0 MPH)
|
Batting: SHB Adam Martin
|
0-0: Reached on error, E3 (Groundball, 34, EV 80.0 MPH) Andy Sheridan to second
|
Batting: LHB Hugo MacBeth
|
0-0: Ball 1-0: Ball 2-0: Called Strike 2-1: Ball 3-1: SINGLE (Groundball, 56D, EV 104.4 MPH) Andy Sheridan to third Adam Martin to second
|
Batting: RHB Dave Cluster
|
0-0: Called Strike 0-1: Ball 1-1: Ball 2-1: Foul Ball, location: 2F 2-2: Fielders Choice at 2nd, 5-4 (Groundball, 56, EV 83.1 MPH) Andy Sheridan scores Adam Martin to third
|
Batting: SHB Harrison McLaughlin
|
0-0: Ball 1-0: Called Strike 1-1: Ball 2-1: Reached on error, E4 (Groundball, 34, EV 101.9 MPH) Adam Martin scores Dave Cluster to third
|
Pitching: RHP Mike Amos
|
|
Batting: RHB Robby Godwin
|
0-0: Ball 1-0: Ball 2-0: Ball 3-0: Base on Balls
|
Batting: RHB Jeff Brower
|
0-0: SINGLE (Groundball, 6S, EV 73.8 MPH) (infield hit) Dave Cluster scores Harrison McLaughlin to third Robby Godwin to second
|
Pitching: RHP Tony Acevedo
|
|
Batting: RHB Mike Hayward
|
0-0: Fielders Choice at 2nd, 6-4 (Groundball, 6, EV 104.4 MPH)
|
Bottom of the 3rd over - 3 runs, 2 hits, 2 errors, 3 left on base; Indianapolis 2 - El Paso 8 |
TOP OF THE 4TH |
Indianapolis Indians batting - Pitching for El Paso Chihuahuas : RHP Pat Matera
|
Batting: RHB Richard Barrios
|
0-0: Called Strike 0-1: Ball 1-1: Fly out, F8 (Flyball, 8RM, EV 90.6 MPH)
|
Batting: LHB Donald Imre
|
0-0: Fly out, F9 (Flyball, 89M, EV 92.5 MPH)
|
Batting: RHB Nick Wicker
|
0-0: Called Strike 0-1: Swinging Strike 0-2: Ground out 4-3 (Groundball, 4, EV 102.5 MPH)
|
Top of the 4th over - 0 runs, 0 hits, 0 errors, 0 left on base; Indianapolis 2 - El Paso 8 |
BOTTOM OF THE 4TH |
El Paso Chihuahuas batting - Pitching for Indianapolis Indians : RHP Tony Acevedo
|
Batting: RHB Andy Sheridan
|
0-0: Called Strike 0-1: Foul Ball, location: 2F 0-2: Foul Ball, location: 2F 0-2: Foul Ball, location: 2F 0-2: Strikes out looking
|
Batting: LHB Angel Mejia
|
0-0: Ball 1-0: Called Strike 1-1: Foul Ball, location: 2F 1-2: Foul Ball, location: 2F 1-2: Foul Ball, location: 2F 1-2: Foul Ball, location: 2F 1-2: Ball 2-2: Foul Ball, location: 2F 2-2: DOUBLE (Line Drive, 78D, EV 107.5 MPH)
|
Batting: SHB Adam Martin
|
0-0: Ball 1-0: Foul Ball, location: 2F 1-1: Fly out, F4 (Line Drive, 4, EV 67.5 MPH)
|
Batting: LHB Hugo MacBeth
|
0-0: Ball 1-0: Ground out 1-3 (Groundball, 13S, EV 69.4 MPH)
|
Bottom of the 4th over - 0 runs, 1 hit, 0 errors, 1 left on base; Indianapolis 2 - El Paso 8 |
TOP OF THE 5TH |
Indianapolis Indians batting - Pitching for El Paso Chihuahuas : RHP Pat Matera
|
Batting: RHB Hugo Zacarias
|
0-0: Foul Ball, location: 2F 0-1: Swinging Strike 0-2: Foul Ball, location: 2F 0-2: Strikes out swinging
|
Batting: LHB Jorge Quintana
|
0-0: Ball 1-0: Ball 2-0: Ground out 5-3 (Groundball, 5, EV 91.2 MPH)
|
Batting: LHB Alberto Figueroa
|
0-0: Foul Ball, location: 2F 0-1: Foul Ball, location: 2F 0-2: Ball 1-2: Ball 2-2: Ground out 4-3 (Groundball, 34, EV 99.4 MPH)
|
Top of the 5th over - 0 runs, 0 hits, 0 errors, 0 left on base; Indianapolis 2 - El Paso 8 |
BOTTOM OF THE 5TH |
El Paso Chihuahuas batting - Pitching for Indianapolis Indians : RHP Tony Acevedo
|
Batting: RHB Dave Cluster
|
0-0: Ball 1-0: Swinging Strike 1-1: Ground out 5-3 (Groundball, 56S, EV 61.9 MPH)
|
Batting: SHB Harrison McLaughlin
|
0-0: Ball 1-0: Called Strike 1-1: Ball 2-1: Foul Ball, location: 2F 2-2: Ball 3-2: Base on Balls
|
Batting: RHB Robby Godwin
|
0-0: Ball 1-0: Called Strike 1-1: Ball 2-1: Ball 3-1: Foul Ball, location: 2F 3-2: Foul Ball, location: 2F 3-2: Strikes out swinging
|
Batting: RHB Jeff Brower
|
0-0: Ball 1-0: Ground out 5-3 (Groundball, 56S, EV 83.1 MPH)
|
Bottom of the 5th over - 0 runs, 0 hits, 0 errors, 1 left on base; Indianapolis 2 - El Paso 8 |
TOP OF THE 6TH |
Indianapolis Indians batting - Pitching for El Paso Chihuahuas : RHP Pat Matera
|
Batting: RHB Alain Marquet
|
0-0: Foul Ball, location: 2F 0-1: Ball 1-1: Fly out, F8 (Line Drive, 8LS, EV 86.9 MPH)
|
Batting: LHB Phil DeCamp
|
0-0: Foul Ball, location: 2F 0-1: Ball 1-1: Called Strike 1-2: Foul Ball, location: 2F 1-2: Ball 2-2: Foul Ball, location: 2F 2-2: Ground out 6-3 (Groundball, 6M, EV 86.2 MPH)
|
Batting: RHB Chris Pozzi
|
0-0: Ball 1-0: Called Strike 1-1: Ball 2-1: SINGLE (Groundball, 6, EV 94.4 MPH)
|
Batting: RHB Richard Barrios
|
0-0: Ball 1-0: Called Strike Chris Pozzi steals 2nd base 1-1: Foul Ball, location: 2F 1-2: Foul Ball, location: 2F 1-2: Foul Ball, location: 2F 1-2: Ground out 6-3 (Groundball, 6, EV 91.2 MPH)
|
Top of the 6th over - 0 runs, 1 hit, 0 errors, 1 left on base; Indianapolis 2 - El Paso 8 |
BOTTOM OF THE 6TH |
El Paso Chihuahuas batting - Pitching for Indianapolis Indians : RHP Tony Acevedo
|
Batting: RHB Mike Hayward
|
0-0: Foul Ball, location: 2F 0-1: Fly out, F4 (Popup, 13, EV 74.4 MPH)
|
Batting: RHB Andy Sheridan
|
0-0: Ball 1-0: SINGLE (Line Drive, 56, EV 100.0 MPH)
|
Batting: LHB Angel Mejia
|
0-0: Called Strike 0-1: Foul Ball, location: 2F 0-2: Foul Ball, location: 2F 0-2: Foul Ball, location: 2F 0-2: Strikes out swinging
|
Batting: SHB Adam Martin
|
0-0: Ball 1-0: 2-RUN HOME RUN (Flyball, 9D, EV 98.8 MPH), Distance : 374 ft
|
Batting: LHB Hugo MacBeth
|
0-0: Fly out, F7 (Flyball, 7LD, EV 101.9 MPH)
|
Bottom of the 6th over - 2 runs, 2 hits, 0 errors, 0 left on base; Indianapolis 2 - El Paso 10 |
TOP OF THE 7TH |
Indianapolis Indians batting - Pitching for El Paso Chihuahuas : RHP Pat Matera
|
Batting: LHB Donald Imre
|
0-0: Called Strike 0-1: Fly out, F8 (Flyball, 89M, EV 75.6 MPH)
|
Batting: RHB Nick Wicker
|
0-0: Called Strike 0-1: DOUBLE (Line Drive, 9LS, EV 94.4 MPH)
|
Batting: RHB Hugo Zacarias
|
0-0: Ground out 4-3 (Groundball, 4D, EV 103.8 MPH) Nick Wicker to third
|
Batting: LHB Jorge Quintana
|
0-0: Fly out, F7 (Line Drive, 78D, EV 89.4 MPH)
|
Top of the 7th over - 0 runs, 1 hit, 0 errors, 1 left on base; Indianapolis 2 - El Paso 10 |
BOTTOM OF THE 7TH |
El Paso Chihuahuas batting - Pitching for Indianapolis Indians : RHP Tony Acevedo
|
Pitching: RHP Doug Rawson
|
|
Batting: RHB Dave Cluster
|
0-0: Ball 1-0: Foul Ball, location: 2F 1-1: Reached on error, E3 (Groundball, 3, EV 85.6 MPH)
|
Batting: SHB Harrison McLaughlin
|
0-0: Ground out 4-3 (Groundball, 4S, EV 72.5 MPH) Dave Cluster to second
|
Batting: RHB Robby Godwin
|
0-0: Called Strike 0-1: Ball 1-1: Ball 2-1: Foul Ball, location: 2F 2-2: Strikes out looking
|
Pinch Hitting: LHB Robin More
|
0-0: Fly out, F8 (Flyball, 8RM, EV 91.2 MPH)
|
Bottom of the 7th over - 0 runs, 0 hits, 1 error, 1 left on base; Indianapolis 2 - El Paso 10 |
TOP OF THE 8TH |
Indianapolis Indians batting - Pitching for El Paso Chihuahuas : RHP Pat Matera
|
Now at 1B: Robin More
|
|
Batting: LHB Alberto Figueroa
|
0-0: Foul Ball, location: 2F 0-1: Swinging Strike 0-2: Ball 1-2: Ball 2-2: Ball 3-2: Base on Balls
|
Pitching: RHP Frank Diaz
|
|
Batting: RHB Alain Marquet
|
0-0: Ball 1-0: Ball 2-0: SINGLE (Groundball, 6MD, EV 101.2 MPH) Alberto Figueroa to second Runner from 2nd tries for 3rd, SAFE, throw by CF made to third
|
Batting: LHB Phil DeCamp
|
0-0: Called Strike 0-1: Called Strike 0-2: Ball 1-2: Ball 2-2: Foul Ball, location: 2F 2-2: Strikes out swinging
|
Batting: RHB Chris Pozzi
|
0-0: Foul Ball, location: 2F 0-1: Ball 1-1: Ball 2-1: Ball 3-1: Called Strike 3-2: Base on Balls Alain Marquet to second
|
Batting: RHB Richard Barrios
|
0-0: Ball 1-0: Called Strike 1-1: Swinging Strike 1-2: Strikes out swinging
|
Batting: LHB Donald Imre
|
0-0: Called Strike 0-1: Foul Ball, location: 2F 0-2: Strikes out swinging
|
Top of the 8th over - 0 runs, 1 hit, 0 errors, 3 left on base; Indianapolis 2 - El Paso 10 |
BOTTOM OF THE 8TH |
El Paso Chihuahuas batting - Pitching for Indianapolis Indians : RHP Doug Rawson
|
Batting: RHB Mike Hayward
|
0-0: Ball 1-0: Foul Ball, location: 2F 1-1: Ball 2-1: SINGLE (Line Drive, 9S, EV 107.5 MPH)
|
Batting: RHB Andy Sheridan
|
0-0: Called Strike 0-1: Ball 1-1: Foul Ball, location: 2F 1-2: Foul Ball, location: 2F 1-2: Ball 2-2: Grounds into double play, 6-4-3 (Groundball, 6, EV 81.9 MPH)
|
Batting: LHB Angel Mejia
|
0-0: Ball 1-0: Reached on error, E3 (Groundball, 34, EV 83.1 MPH)
|
Batting: SHB Adam Martin
|
0-0: Ball 1-0: Swinging Strike 1-1: Foul Ball, location: 2F 1-2: Ball 2-2: Ground out 4-3 (Groundball, 4D, EV 91.2 MPH)
|
Bottom of the 8th over - 0 runs, 1 hit, 1 error, 1 left on base; Indianapolis 2 - El Paso 10 |
TOP OF THE 9TH |
Indianapolis Indians batting - Pitching for El Paso Chihuahuas : RHP Frank Diaz
|
Batting: RHB Nick Wicker
|
0-0: Called Strike 0-1: Ball 1-1: Foul Ball, location: 2F 1-2: Ball 2-2: Ground out 4-3 (Groundball, 4, EV 84.4 MPH)
|
Batting: RHB Hugo Zacarias
|
0-0: Called Strike 0-1: Ball 1-1: Ball 2-1: Ball 3-1: Base on Balls
|
Batting: LHB Jorge Quintana
|
0-0: Ball 1-0: Ball 2-0: Reached on error, E3 (Groundball, 3, EV 101.9 MPH) Hugo Zacarias to second
|
Batting: LHB Alberto Figueroa
|
0-0: Ball 1-0: Fly out, F9 (Flyball, 9D, EV 74.4 MPH) Runner from 2nd tags up, SAFE at 3rd, no throw by RF
|
Batting: RHB Alain Marquet
|
0-0: Called Strike 0-1: Called Strike 0-2: Ball 1-2: Fielders Choice at 2nd, 5-4 (Groundball, 56, EV 86.2 MPH)
|
Top of the 9th over - 0 runs, 0 hits, 1 error, 2 left on base; Indianapolis 2 - El Paso 10 |
|